 Dungeon Crawl Stone Soup version 0.16.0-12-g7215832 (webtiles) character file.

814409 Ololoev the Timeless (level 27, -3/215 HPs)
             Began as a Formicid Fighter on Mar 17, 2015.
             Was a High Priest of Cheibriados.
             Slain by a storm dragon (8 damage)
             ... on level 5 of the Realm of Zot on Mar 18, 2015.
             The game lasted 05:43:46 (69136 turns).

Ololoev the Timeless (Formicid Fighter)            Turns: 69136, Time: 05:43:47

Health: -3/215     AC: 31    Str: 43    XL:     27
Magic:  2/41       EV: 24    Int: 28    God:    Cheibriados [*****.]
Gold:   5939       SH: 23    Dex: 32    Spells: 7 memorised, 36 levels left

rFire  + . .     SeeInvis +     a - +9 great mace (holy)
rCold  + + .     Clarity  .     Y - +0 gold dragon armour (curse)
rNeg   + . .     SustAb   .     t - +5 shield {reflect} (curse)
rPois  +         Gourm    .     (helmet unavailable)
rElec  .         Spirit   .     U - +2 cloak {MR+} (curse)
rCorr  .         Warding  .     R - +0 pair of gloves "Urrameem" {Regen+} (curse)
rMut   .         Stasis   +     v - +1 pair of boots (curse)
MR     +++..                    i - amulet of Suobegho {Faith rC+ Str+3 Int-4 Dex+7}
Stlth  ..........               O - ring of positive energy (curse)
                                (no ring)

@: brilliant, very slightly contaminated, drained, very slow, extremely
resistant to hostile enchantments, extremely unstealthy
A: permanent stasis, dig shafts and tunnels, four strong arms, antennae 3,
deterioration 1, dopey 1, low mp 1
a: Dig, Shaft Self, Bend Time, Temporal Distortion, Slouch, Step From Time,
Renounce Religion
0: Orb of Zot
}: 6/15 runes: decaying, serpentine, slimy, silver, abyssal, demonic


You were on level 5 of the Realm of Zot.
You worshipped Cheibriados.
Cheibriados was extremely pleased with you.
You were full.

You visited 12 branches of the dungeon, and saw 65 of its levels.
You visited Pandemonium 1 time, and saw 2 of its levels.
You visited the Abyss 1 time.
You visited 1 bazaar.
You visited 1 ziggurat, and saw 11 of its levels.
You also visited: Labyrinth and Bailey.

You collected 11488 gold pieces.
You spent 5447 gold pieces at shops.

Notes
Turn   | Place    | Note
--------------------------------------------------------------
     0 | D:1      | Ololoev, the Formicid Fighter, began the quest for the Orb.
     0 | D:1      | Reached XP level 1. HP: 18/18 MP: 1/1
   153 | D:1      | Reached XP level 2. HP: 24/24 MP: 3/3
   635 | D:2      | Noticed Terence
   653 | D:2      | Killed Terence
   653 | D:2      | Reached XP level 3. HP: 8/29 MP: 4/4
   908 | D:2      | Reached skill level 4 in Shields
   908 | D:2      | Reached XP level 4. HP: 26/35 MP: 5/5
  1233 | D:2      | Found a shattered altar of Ashenzari.
  1787 | D:3      | Reached XP level 5. HP: 38/41 MP: 7/7
  2408 | D:3      | Reached XP level 6. HP: 25/47 MP: 8/8
  2409 | D:3      | Reached skill level 5 in Shields
  2647 | D:3      | Reached skill level 5 in Maces & Flails
  3037 | D:4      | Noticed Blork the orc
  3042 | D:4      | Noticed a troll
  3551 | D:4      | Reached XP level 7. HP: 50/52 MP: 9/9
  3598 | D:4      | Killed Blork the orc
  3598 | D:4      | Reached skill level 6 in Maces & Flails
  3629 | D:4      | Killed a troll
  3629 | D:4      | Reached skill level 7 in Maces & Flails
  3997 | D:4      | Reached XP level 8. HP: 53/58 MP: 11/11
  4016 | D:4      | Reached skill level 8 in Maces & Flails
  4019 | D:4      | Found a bloodstained altar of Trog.
  4171 | D:4      | Found a stormy altar of Qazlal.
  4178 | D:4      | Found a blossoming altar of Fedhas.
  4363 | D:4      | Found a staircase to the Ecumenical Temple.
  4369 | Temple   | Entered the Ecumenical Temple
  4544 | Temple   | Became a worshipper of Cheibriados the Contemplative
  4709 | D:4      | Noticed Grinder
  4720 | D:4      | Killed Grinder
  4720 | D:4      | Reached skill level 9 in Maces & Flails
  4807 | D:5      | Entered Level 5 of the Dungeon
  5066 | D:5      | Reached XP level 9. HP: 48/64 MP: 12/12
  5195 | D:5      | Acquired Cheibriados' first power
  5212 | D:5      | Reached skill level 10 in Maces & Flails
  5449 | D:5      | Gained mutation: You are clumsy. (Dex -2) [mutagenic meat]
  5771 | D:6      | Found a shimmering altar of Xom.
  5771 | D:6      | Found a deep blue altar of Sif Muna.
  5772 | D:6      | Found a white marble altar of Elyvilon.
  5996 | D:6      | Reached skill level 11 in Maces & Flails
  6191 | D:6      | Noticed Edmund
  6199 | D:6      | Killed Edmund
  6722 | D:7      | You fall through a shaft!
  6729 | D:8      | Reached skill level 1 in Invocations
  6878 | D:8      | Found a basalt altar of Yredelemnul.
  6977 | D:8      | Identified a scroll of acquirement
  6984 | D:8      | Found Shreckica's General Store.
  6990 | D:8      | Bought a +2 scale mail of fire resistance for 252 gold pieces
  7026 | D:8      | Reached skill level 12 in Maces & Flails
  7051 | D:8      | Reached XP level 10. HP: 70/70 MP: 11/17
  7138 | D:8      | Acquired Cheibriados' second power
  7232 | D:8      | Found Azo Tiso's Weapon Boutique.
  7283 | D:8      | Gained mutation: Your mind is acute. (Int +2) [mutagenic meat]
  7284 | D:8      | Gained mutation: Your body is slowly deteriorating. [mutagenic meat]
  7318 | D:8      | Acquired Cheibriados' third power
  7324 | D:8      | Gained mutation: You are partially covered in large bone plates (AC +2, SH +2). [potion of mutation]
  7324 | D:8      | Gained mutation: You are very clumsy. (Dex -4) [potion of mutation]
  7324 | D:8      | Gained mutation: You are partially covered in slimy green scales (AC +2). [potion of mutation]
  7329 | D:8      | Found a staircase to the Lair.
  7419 | D:8      | Found Kiaschu's Jewellery Boutique.
  7484 | D:8      | Reached skill level 5 in Invocations
  7596 | D:9      | Got a faintly glowing leather armour
  7607 | D:9      | Identified the +2 leather armour of Klyogoq {rElec MP+9 Str-4 SInv} (You found it on level 9 of the Dungeon)
  7737 | D:9      | Reached skill level 13 in Maces & Flails
  7801 | D:9      | Found a shadowy altar of Dithmenos.
  7859 | D:9      | Found a shattered altar of Ashenzari.
  7880 | D:9      | Noticed Chiseanne's ghost (experienced DEWr)
  7902 | D:9      | Killed Chiseanne's ghost
  8009 | D:9      | Found a staircase to the Orcish Mines.
  8419 | D:10     | Entered Level 10 of the Dungeon
  8447 | D:10     | Reached XP level 11. HP: 73/75 MP: 23/23
  8491 | D:10     | Acquired Cheibriados' fourth power
  8728 | D:10     | Noticed an unseen horror
  8733 | D:10     | Killed an unseen horror
  8733 | D:10     | Reached skill level 14 in Maces & Flails
  9002 | D:10     | Noticed an unseen horror
  9004 | D:10     | Killed an unseen horror
  9149 | D:11     | Reached skill level 5 in Fighting
  9384 | D:11     | Gained mutation: Your natural rate of healing is unusually fast. [mutagenic meat]
  9437 | D:11     | Noticed a hill giant
  9448 | D:11     | Killed a hill giant
  9552 | D:11     | Noticed Harold
  9560 | D:11     | Killed Harold
  9560 | D:11     | Reached XP level 12. HP: 85/88 MP: 15/25
  9640 | D:11     | Reached skill level 1 in Dodging
  9671 | D:11     | Reached skill level 15 in Maces & Flails
  9751 | D:11     | Noticed a seven-headed hydra
  9758 | D:11     | Killed a seven-headed hydra
  9840 | D:11     | Noticed a green ugly thing
  9852 | D:11     | Killed a green ugly thing
  9857 | D:11     | Gained mutation: You are partially covered in rugged brown scales (AC +1, +3% HP). [mutagenic meat]
 10154 | D:12     | Noticed a six-headed hydra
 10160 | D:12     | Killed a six-headed hydra
 10160 | D:12     | Reached skill level 5 in Armour
 10867 | Orc:1    | Entered Level 1 of the Orcish Mines
 10912 | Orc:1    | Found a flagged portal.
 10917 | Bailey   | Entered a bailey
 11408 | Orc:1    | Noticed Grum
 11423 | Orc:1    | Killed Grum
 11617 | Orc:1    | Noticed Eustachio
 11620 | Orc:1    | Killed Eustachio
 11623 | Orc:1    | Reached XP level 13. HP: 98/98 MP: 28/28
 12180 | Orc:3    | Noticed Snorg
 12186 | Orc:3    | Killed Snorg
 12186 | Orc:3    | Reached skill level 10 in Invocations
 12270 | Orc:3    | Found a roughly hewn altar of Beogh.
 12640 | Orc:4    | Entered Level 4 of the Orcish Mines
 12640 | Orc:4    | Found a frozen archway.
 12723 | Orc:4    | Found a staircase to the Elven Halls.
 12788 | Orc:4    | Found a labyrinth entrance.
 12883 | Lab      | Entered a labyrinth
 13004 | Lab      | Noticed a minotaur
 13008 | Lab      | Killed a minotaur
 13013 | Lab      | Got a steaming granite ring
 13014 | Lab      | Got a jet-encrusted chain mail
 13028 | Orc:4    | Identified the ring "Caarue" {SustAb rElec Slay-4 SInv} (You found it in a labyrinth)
 13044 | Orc:4    | Identified the +8 chain mail "Yffu Tul" {Str+2 Int+4} (You found it in a labyrinth)
 13045 | Orc:4    | Identified a +1 rod of inaccuracy (11/11) (You found it in a labyrinth)
 13046 | Orc:4    | Identified a +6 rod of destruction (14/14) (You found it in a labyrinth)
 13375 | Orc:4    | Lost mutation: Your mind is acute. (Int +2) [potion of cure mutation]
 13375 | Orc:4    | Lost mutation: Your natural rate of healing is unusually fast. [potion of cure mutation]
 13375 | Orc:4    | Lost mutation: You are partially covered in rugged brown scales (AC +1, +3% HP). [potion of cure mutation]
 13377 | Orc:4    | Gained mutation: You possess an exceptional clarity of mind. [potion of beneficial mutation]
 13538 | Orc:4    | Found Pebiekhloe's Distillery.
 13542 | Orc:4    | Found Mucach's Food Shoppe.
 13557 | Orc:4    | Reached skill level 16 in Maces & Flails
 13734 | Orc:4    | Bought a potion of cure mutation for 525 gold pieces
 13734 | Orc:4    | Lost mutation: Your body is slowly deteriorating. [potion of cure mutation]
 13734 | Orc:4    | Lost mutation: You possess an exceptional clarity of mind. [potion of cure mutation]
 13734 | Orc:4    | Lost mutation: You are partially covered in large bone plates (AC +2, SH +2). [potion of cure mutation]
 13734 | Orc:4    | Lost mutation: You are very clumsy. (Dex -4) [potion of cure mutation]
 13734 | Orc:4    | Lost mutation: You are clumsy. (Dex -2) [potion of cure mutation]
 13735 | Orc:4    | Bought a potion of heal wounds for 75 gold pieces
 13735 | Orc:4    | Bought a potion of might for 60 gold pieces
 13735 | Orc:4    | Bought a potion of might for 60 gold pieces
 14129 | Orc:4    | Reached XP level 14. HP: 104/106 MP: 29/29
 14161 | Orc:4    | Reached skill level 5 in Dodging
 14167 | Orc:4    | Found Veyrgh Nonu's Book Boutique.
 14167 | Orc:4    | Found a one-way gate leading to the halls of Pandemonium.
 14167 | Orc:4    | Found Brapitro's Antique Armour Shop.
 14190 | Orc:4    | Bought a pair of glowing gloves for 148 gold pieces
 14190 | Orc:4    | Bought a warped scale mail for 297 gold pieces
 14205 | Orc:4    | Identified the cursed +0 scale mail of a ziggurat {+Fly} (You bought it in a shop on level 4 of the Orcish Mines)
 14213 | Orc:4    | Bought a crude scale mail for 297 gold pieces
 14218 | Orc:4    | Identified the +8 scale mail "Hadwazuatt" {-Cast rPois rF+ Dex+4 Slay+3} (You bought it in a shop on level 4 of the Orcish Mines)
 14377 | Orc:4    | Noticed a stone giant
 14680 | D:8      | Bought a cursed amulet of faith for 518 gold pieces
 14720 | Lair:1   | Entered Level 1 of the Lair of Beasts
 15093 | Lair:1   | Found a snail-covered altar of Cheibriados.
 16289 | Lair:2   | Got a faintly humming plate armour
 16300 | Lair:2   | Identified the +4 plate armour "Pathiaxt" {rC+} (You found it on level 2 of the Lair of Beasts)
 16428 | Lair:2   | Noticed Gastronok
 16436 | Lair:2   | Killed Gastronok
 16859 | Lair:3   | Reached skill level 10 in Shields
 16887 | Lair:3   | Reached skill level 10 in Fighting
 17282 | Lair:4   | Reached XP level 15. HP: 115/115 MP: 30/30
 17299 | Lair:4   | Reached skill level 1 in Evocations
 17311 | Lair:4   | Found a staircase to the Snake Pit.
 17334 | Lair:4   | Found a shattered altar of Ashenzari.
 17831 | Lair:4   | Found a staircase to the Swamp.
 19397 | Lair:6   | Noticed Rupert
 19402 | Lair:6   | Killed Rupert
 19441 | Lair:6   | Reached skill level 5 in Evocations
 19947 | Lair:7   | Found a staircase to the Slime Pits.
 20478 | Lair:7   | Found a bloodstained altar of Trog.
 20488 | Lair:7   | Noticed Fannar
 20499 | Lair:7   | Killed Fannar
 20653 | Lair:8   | Entered Level 8 of the Lair of Beasts
 20678 | Lair:8   | Reached skill level 10 in Armour
 21105 | Lair:8   | Reached XP level 16. HP: 110/125 MP: 31/31
 21653 | Lair:8   | Found a runed door.
 22513 | D:8      | Bought the +10 morningstar "Gyhyjuonwa" {venom, MR++ Str+3} for 994 gold pieces
 22667 | Orc:4    | Killed a stone giant
 22809 | Elf:1    | Entered Level 1 of the Elven Halls
 23427 | Elf:1    | Reached skill level 17 in Maces & Flails
 23442 | Elf:1    | Noticed an Executioner
 23443 | Elf:1    | Killed an Executioner
 23656 | Elf:2    | Reached skill level 10 in Evocations
 24009 | Elf:2    | Found a runed gate.
 24009 | Elf:2    | Found a runed gate.
 24009 | Elf:2    | Found a runed gate.
 24346 | Elf:2    | Reached XP level 17. HP: 131/131 MP: 32/32
 24911 | Elf:2    | Noticed a deep elf blademaster
 24917 | Elf:2    | Killed a deep elf blademaster
 24972 | Elf:3    | Entered Level 3 of the Elven Halls
 25258 | Elf:3    | Upgraded the game from 0.16.0-11-gd45b091 to 0.16.0-12-g7215832
 25267 | Elf:3    | Found Furphet's Assorted Antiques.
 25724 | Elf:3    | Got a spiked ring mail
 25736 | Elf:3    | Identified the +3 ring mail of Hopscotch {Dex+2} (You took it off a deep elf high priest on level 3 of the Elven Halls)
 25768 | Elf:3    | Noticed a deep elf master archer
 25783 | Elf:3    | Killed a deep elf master archer
 26125 | Elf:3    | Noticed a deep elf master archer
 26128 | Elf:3    | Killed a deep elf master archer
 26161 | Elf:3    | Reached XP level 18. HP: 131/138 MP: 33/33
 26371 | Orc:4    | Bought a book of Spatial Translocations for 975 gold pieces
 26373 | Orc:4    | Learned a level 1 spell: Apportation
 26378 | Orc:4    | Learned a level 4 spell: Passage of Golubria
 26558 | Elf:3    | Reached skill level 1 in Spellcasting
 26558 | Elf:3    | Reached skill level 1 in Translocations
 26560 | Elf:3    | Got a wavering jade ring
 26562 | Elf:3    | Identified the ring of Lugeulua {+Inv +Fly rC+ Int-3 Dex+2} (You took it off a deep elf sorcerer on level 3 of the Elven Halls)
 26957 | Elf:3    | Identified the Handbook of Clay and Necromancy
 26969 | Elf:3    | Learned a level 9 spell: Shatter
 27721 | Snake:1  | Entered Level 1 of the Snake Pit
 27926 | Snake:1  | Noticed Nikola
 27935 | Snake:1  | Killed Nikola
 27935 | Snake:1  | Reached skill level 5 in Translocations
 28771 | Snake:2  | Reached skill level 5 in Spellcasting
 29384 | Snake:3  | Noticed Vashnia
 29747 | Snake:3  | Killed Vashnia
 29765 | Snake:3  | Noticed Donald
 29770 | Snake:3  | Killed Donald
 29770 | Snake:3  | Reached skill level 18 in Maces & Flails
 29816 | Snake:3  | Reached XP level 19. HP: 144/144 MP: 34/34
 30618 | Snake:4  | Noticed Norris
 30625 | Snake:4  | Killed Norris
 30782 | Snake:4  | Reached skill level 19 in Maces & Flails
 30912 | Snake:4  | Learned a level 5 spell: Phase Shift
 31278 | Snake:5  | Entered Level 5 of the Snake Pit
 31633 | Snake:5  | Found Alaret's Distillery.
 31641 | Snake:5  | Bought a potion of beneficial mutation for 560 gold pieces
 31641 | Snake:5  | Gained mutation: You are partially covered in molten scales (AC +1). [potion of beneficial mutation]
 31871 | Snake:5  | Reached XP level 20. HP: 44/151 MP: 22/35
 32422 | Snake:5  | Reached skill level 10 in Translocations
 32423 | Snake:5  | Reached skill level 20 in Maces & Flails
 32970 | Snake:5  | Got a serpentine rune of Zot
 33033 | Snake:5  | Reached skill level 10 in Dodging
 33871 | D:13     | Noticed Nessos
 33878 | D:13     | Killed Nessos
 33931 | D:13     | Found a gate to the Vaults.
 35082 | D:14     | Found a stormy altar of Qazlal.
 36156 | D:15     | Entered Level 15 of the Dungeon
 36223 | D:15     | Found a staircase to the Depths.
 36427 | D:15     | Reached XP level 21. HP: 159/159 MP: 36/36
 36554 | D:15     | Found Atetats' Food Shoppe.
 36847 | Vaults:1 | Entered Level 1 of the Vaults
 36964 | Vaults:1 | Noticed Jorgrun
 36971 | Vaults:1 | Killed Jorgrun
 37143 | Vaults:1 | Noticed Asterion
 37152 | Vaults:1 | Killed Asterion
 37421 | Vaults:1 | Noticed Saint Roka
 37436 | Vaults:1 | Killed Saint Roka
 37607 | Vaults:1 | Noticed Agnes
 37610 | Vaults:1 | Killed Agnes
 38130 | Vaults:1 | Reached skill level 1 in Earth Magic
 38330 | Vaults:2 | Found Pheivap's Gadget Boutique.
 38522 | Vaults:2 | Reached XP level 22. HP: 53/169 MP: 36/36
 38990 | Vaults:2 | Reached skill level 5 in Earth Magic
 39661 | Vaults:2 | Reached skill level 15 in Shields
 40288 | Vaults:3 | Gained mutation: Your muscles are strong. (Str +2) [potion of beneficial mutation]
 40823 | Vaults:3 | Found a staircase to the Crypt.
 40872 | Vaults:3 | You fall through a shaft!
 40910 | Vaults:4 | Found Udaleaj's Weapon Boutique.
 40910 | Vaults:4 | Found Seha's Book Boutique.
 40928 | Vaults:4 | Found a flickering gateway to a bazaar.
 40940 | Bazaar   | Entered a bazaar
 40951 | Bazaar   | Found Skyahiow's Weapon Shoppe.
 40960 | Bazaar   | Found Pajous' Magic Scroll Boutique.
 40964 | Bazaar   | Found Laimiv's Assorted Antiques.
 40970 | Bazaar   | Found Haonn's Antique Weapon Shop.
 40982 | Bazaar   | Found Iptosmuur's Distillery.
 41005 | Bazaar   | Bought a blackened lead wand for 120 gold pieces
 41005 | Bazaar   | Bought a potion of heal wounds for 150 gold pieces
 41023 | Bazaar   | Bought a potion of heal wounds for 65 gold pieces
 41023 | Bazaar   | Bought a potion of heal wounds for 65 gold pieces
 41023 | Bazaar   | Bought a potion of curing for 39 gold pieces
 41023 | Bazaar   | Bought a potion of curing for 39 gold pieces
 41023 | Bazaar   | Bought a potion of brilliance for 52 gold pieces
 41023 | Bazaar   | Bought 2 potions of brilliance for 104 gold pieces
 41023 | Bazaar   | Bought a potion of brilliance for 52 gold pieces
 42178 | Vaults:4 | Reached XP level 23. HP: 178/178 MP: 37/37
 42195 | Vaults:4 | Reached skill level 10 in Earth Magic
 43391 | Swamp:1  | Entered Level 1 of the Swamp
 44005 | Swamp:2  | You fall through a shaft!
 45892 | Swamp:5  | Entered Level 5 of the Swamp
 46451 | Swamp:5  | Got a decaying rune of Zot
 47280 | Lair:7   | Reached XP level 24. HP: 158/187 MP: 38/38
 47329 | Slime:1  | Entered Level 1 of the Pits of Slime
 47339 | Slime:1  | Reached skill level 15 in Armour
 47351 | Slime:2  | Noticed Dissolution
 47361 | Slime:2  | Killed Dissolution
 47486 | Slime:1  | Gained mutation: You are clumsy. (Dex -2) [a shining eye]
 47492 | Slime:1  | Reached skill level 15 in Fighting
 47932 | Slime:6  | Entered Level 6 of the Pits of Slime
 48124 | Slime:6  | Found a viscous altar of Jiyva.
 48170 | Slime:6  | Noticed the royal jelly
 48180 | Slime:6  | Killed the royal jelly
 48221 | Slime:6  | Got a slimy rune of Zot
 48343 | Slime:6  | Got a shimmering morningstar
 48344 | Slime:6  | Identified the cursed +3 morningstar "Pleachoff" {flame, Contam +Blink rElec rF+ Stlth+} (You found it on level 6 of the Pits of Slime)
 48904 | Depths:1 | Entered Level 1 of the Depths
 48910 | Depths:1 | Found a gateway to Hell.
 48910 | Depths:1 | Noticed Margery
 48915 | Depths:1 | Killed Margery
 48919 | Depths:1 | Reached skill level 10 in Spellcasting
 49091 | Depths:1 | Reached skill level 15 in Earth Magic
 49205 | Depths:1 | Identified the Tome of the Excruciating Snowflakes
 49614 | Depths:1 | Reached XP level 25. HP: 180/195 MP: 40/40
 50122 | Depths:1 | Got a glittering golden ring
 50124 | Depths:1 | Identified the ring of Megalomania {MR+ Slay+3} (You found it on level 1 of the Depths)
 51279 | Depths:2 | Found Feufabb's Food Boutique.
 51565 | Depths:2 | Reached XP level 26. HP: 118/202 MP: 42/42
 52220 | Depths:3 | Found a gateway to a ziggurat.
 52220 | Depths:3 | Noticed an ancient lich
 52269 | Depths:3 | Killed an ancient lich
 52365 | Depths:3 | Found a one-way gate to the infinite horrors of the Abyss.
 52454 | Depths:3 | Learned a level 5 spell: Lee's Rapid Deconstruction
 52478 | Depths:3 | Lost mutation: You are clumsy. (Dex -2) [mutagenic meat]
 52479 | Depths:3 | Gained mutation: You are mostly covered in slimy green scales (AC +3). [mutagenic meat]
 52684 | Depths:3 | Gained mutation: You have sharp toenails. [potion of beneficial mutation]
 53332 | Depths:3 | Got a pair of scorched gloves
 53405 | Depths:3 | Identified a +2 pair of boots of running (You found it on level 3 of the Depths)
 53426 | Depths:3 | Identified the +0 pair of gloves "Urrameem" {Regen+} (You found it on level 3 of the Depths)
 53940 | Depths:3 | Reached skill level 21 in Earth Magic
 54316 | Depths:3 | Reached XP level 27. HP: 182/208 MP: 22/43
 54752 | Depths:3 | Found a runed door.
 54756 | Depths:3 | Reached skill level 22 in Earth Magic
 55020 | Depths:4 | Noticed Crauler's ghost (mighty DrTm)
 55031 | Depths:4 | Killed Crauler's ghost
 55421 | Depths:4 | Got a crystal eveningstar
 55434 | Depths:4 | Identified the +1 eveningstar "Sokenat" {antimagic, +Rage rPois rN+ Int-4} (You acquired it on level 4 of the Depths)
 55688 | Depths:4 | Reached skill level 15 in Spellcasting
 55966 | Depths:4 | Identified Xoc Arun's Disquisition on Freezing Combat Magic
 56194 | Depths:5 | Entered Level 5 of the Depths
 56506 | Depths:5 | Reached skill level 23 in Earth Magic
 56697 | Depths:5 | Found a gate to the Realm of Zot.
 57505 | Zig:1    | Entered Level 1 of a ziggurat
 57525 | Zig:2    | Entered Level 2 of a ziggurat
 57563 | Zig:3    | Entered Level 3 of a ziggurat
 57591 | Zig:3    | Got a translucent granite ring
 57593 | Zig:3    | Identified the ring of the Twelve Dances {rPois Str+5 Slay-4 SInv} (You found it on level 3 of a ziggurat)
 57602 | Zig:4    | Entered Level 4 of a ziggurat
 57723 | Zig:5    | Entered Level 5 of a ziggurat
 57788 | Zig:6    | Entered Level 6 of a ziggurat
 57834 | Zig:7    | Entered Level 7 of a ziggurat
 57979 | Zig:8    | Entered Level 8 of a ziggurat
 58013 | Zig:8    | Gained mutation: You are agile. (Dex +2) [potion of beneficial mutation]
 58091 | Zig:9    | Entered Level 9 of a ziggurat
 58104 | Zig:9    | Reached skill level 24 in Earth Magic
 58201 | Zig:10   | Entered Level 10 of a ziggurat
 58210 | Zig:10   | Noticed Zuenig the pandemonium lord
 58214 | Zig:10   | Killed Zuenig the pandemonium lord
 58336 | Zig:10   | Learned a level 2 spell: Repel Missiles
 58365 | Zig:10   | Got a coiled zirconium amulet
 58366 | Zig:10   | Identified the amulet of Suobegho {Faith rC+ Str+3 Int-4 Dex+7} (You found it on level 10 of a ziggurat)
 58368 | Zig:10   | Got a translucent ivory amulet
 58370 | Zig:10   | Identified the amulet of Stryunk {Gourm Int+5 Dex-3} (You found it on level 10 of a ziggurat)
 58387 | Zig:11   | Entered Level 11 of a ziggurat
 58421 | Zig:11   | Got a blackened plate armour
 58432 | Zig:11   | Identified the +3 plate armour of Diom {rC- MP-9 Str+2 Dex+5} (You found it on level 11 of a ziggurat)
 58447 | Zig:11   | Identified Bryor's Compendium of Hexes
 58530 | Depths:3 | Identified a +1 rod of inaccuracy (13/13) (You took it off a frost giant on level 3 of the Depths)
 58609 | Pan      | Entered Pandemonium
 58809 | Pan      | Got a demonic rune of Zot
 58958 | Pan      | Identified the Almanac of Damaging Summoning
 58961 | Pan      | Learned a level 1 spell: Summon Butterflies
 59047 | Pan      | Noticed Shri Tonoc the pandemonium lord
 59058 | Pan      | Killed Shri Tonoc the pandemonium lord
 59069 | Pan      | Reached skill level 15 in Evocations
 59282 | Pan      | Found an exit through the horrors of the Abyss.
 59289 | Pan      | Took an exit into the Abyss.
 59289 | Abyss:1  | Escaped into the Abyss
 59752 | Abyss:3  | Got an abyssal rune of Zot
 60096 | Abyss:3  | Found a snail-covered altar of Cheibriados.
 60135 | Depths:3 | Escaped the Abyss
 60518 | Vaults:5 | Entered Level 5 of the Vaults
 60544 | Vaults:4 | Reached skill level 15 in Invocations
 61627 | Vaults:5 | Noticed Boris
 61633 | Vaults:5 | Killed Boris
 61721 | Vaults:5 | Identified the Handbook of the Congealing Escort
 61725 | Vaults:5 | Got a silver rune of Zot
 61900 | Vaults:5 | Identified the Grimoire of the Frostbite
 62162 | Vaults:5 | Lost mutation: You are agile. (Dex +2) [helix card]
 62415 | Vaults:5 | Identified the Collected Works on Supportive Evil
 62518 | Vaults:5 | Got a polished scale mail
 62915 | Crypt:1  | Entered Level 1 of the Crypt
 63099 | Crypt:1  | Noticed Sojobo
 63115 | Crypt:1  | Killed Sojobo
 63342 | Crypt:1  | Noticed an ancient lich
 63350 | Crypt:1  | Killed an ancient lich
 63765 | Crypt:1  | Got a scintillating sapphire amulet
 63766 | Crypt:1  | Identified the +5 scale mail of the Game Afoot {rF- Int+2 SInv} (You found it on level 5 of the Vaults)
 63767 | Crypt:1  | Identified the amulet of Mninwaah {rN+ Regen+ Dex+2} (You acquired it on level 1 of the Crypt)
 63964 | Crypt:2  | Found an ancient bone altar of Kikubaaqudgha.
 63968 | Crypt:2  | Got a glittering wooden ring
 63969 | Crypt:2  | Identified the ring "Reunuox" {Ice +Blink rElec rN++ Int+2 Dex-4} (You found it on level 2 of the Crypt)
 64633 | Crypt:3  | Entered Level 3 of the Crypt
 64640 | Crypt:3  | Noticed Mara
 64648 | Crypt:3  | Killed Mara
 64651 | Crypt:3  | Killed Mara
 64663 | Crypt:3  | Noticed Ololoev's illusion
 64666 | Crypt:3  | Killed Mara
 64878 | Crypt:3  | Identified a +5 rod of destruction (13/13) (You found it on level 3 of the Crypt)
 65076 | Crypt:3  | Found a staircase to the Tomb.
 65473 | Crypt:3  | Found an ancient bone altar of Kikubaaqudgha.
 65621 | Crypt:3  | Noticed an ancient lich
 65631 | Crypt:3  | Killed an ancient lich
 65633 | Crypt:3  | Identified Amufom's Further Steps in Hermeneutics (You found it on level 3 of the Crypt)
 66393 | Zot:1    | Entered Level 1 of the Realm of Zot
 66428 | Zot:1    | Noticed an ancient lich
 66433 | Zot:1    | Killed an ancient lich
 66445 | Zot:1    | Reached skill level 25 in Invocations
 66772 | Zot:1    | Reached skill level 26 in Invocations
 67621 | Zot:2    | Reached skill level 27 in Invocations
 67846 | Zot:5    | Entered Level 5 of the Realm of Zot
 68535 | Zot:5    | Noticed an ancient lich
 68540 | Zot:5    | Killed an ancient lich
 68577 | Zot:5    | Noticed an ancient lich
 68588 | Zot:5    | Killed an ancient lich
 68669 | Zot:5    | Noticed an orb of fire
 68740 | Zot:5    | Noticed an ancient lich
 68743 | Zot:5    | Killed an ancient lich
 68754 | Zot:5    | Noticed an orb of fire
 68756 | Zot:5    | Killed an orb of fire
 68758 | Zot:5    | Noticed an orb of fire
 68767 | Zot:5    | Killed an orb of fire
 68770 | Zot:5    | Drew Focus: Str increased to 26, Dex decreased to 11
 68775 | Zot:5    | Noticed an orb of fire
 68779 | Zot:5    | Gained mutation: You are dopey. (Int -2) [an orb of fire]
 68780 | Zot:5    | Killed an orb of fire
 68784 | Zot:5    | Killed an orb of fire
 68795 | Zot:5    | Gained mutation: Your spells are a little harder to cast, but a little more powerful. [helix card]
 68917 | Zot:5    | Noticed an orb of fire
 68917 | Zot:5    | Gained mutation: You are very dopey. (Int -4) [an orb of fire]
 68925 | Zot:5    | Killed an orb of fire
 68952 | Zot:5    | Lost mutation: You have sharp toenails. [potion of cure mutation]
 68952 | Zot:5    | Lost mutation: You are very dopey. (Int -4) [potion of cure mutation]
 68952 | Zot:5    | Lost mutation: Your spells are a little harder to cast, but a little more powerful. [potion of cure mutation]
 68953 | Zot:5    | Lost mutation: Your muscles are strong. (Str +2) [potion of cure mutation]
 68953 | Zot:5    | Lost mutation: You are dopey. (Int -2) [potion of cure mutation]
 68953 | Zot:5    | Lost mutation: You are mostly covered in slimy green scales (AC +3). [potion of cure mutation]
 68953 | Zot:5    | Lost mutation: You are partially covered in slimy green scales (AC +2). [potion of cure mutation]
 68953 | Zot:5    | Lost mutation: You are partially covered in molten scales (AC +1). [potion of cure mutation]
 69049 | Zot:5    | Got the Orb of Zot
 69094 | Zot:5    | Noticed an orb of fire
 69094 | Zot:5    | Gained mutation: Your magical capacity is low (-10% MP). [an orb of fire]
 69100 | Zot:5    | Noticed an ancient lich
 69101 | Zot:5    | Gained mutation: You are dopey. (Int -2) [an orb of fire]
 69103 | Zot:5    | Killed an orb of fire
 69103 | Zot:5    | Reached skill level 15 in Dodging
 69109 | Zot:5    | Killed an ancient lich
 69114 | Zot:5    | Noticed an orb of fire
 69117 | Zot:5    | Noticed Saelas the pandemonium lord
 69118 | Zot:5    | Gained mutation: Your body is slowly deteriorating. [an orb of fire]
 69120 | Zot:5    | Killed an orb of fire
 69122 | Zot:5    | Killed Saelas the pandemonium lord
 69123 | Zot:5    | Noticed Kijiucs the pandemonium lord
 69136 | Zot:5    | HP: 6/215 [Kijiucs the pandemonium lord (23)]
 69136 | Zot:5    | Slain by a storm dragon

Inventory:

Hand weapons
 a - a +9 great mace of holy wrath (weapon)
Armour
 t - a cursed +5 shield of reflection (worn)
 v - a cursed +1 pair of boots (worn)
 R - the cursed +0 pair of gloves "Urrameem" (worn) {Regen+}
   (You found it on level 3 of the Depths)

   It increases your rate of regeneration.
   It has a curse placed upon it.
 U - a cursed +2 cloak of magic resistance (worn)
 Y - a cursed +0 gold dragon armour (worn)
Rods
 P - a +1 rod of inaccuracy (13/13)
   (You took it off a frost giant on level 3 of the Depths)
Jewellery
 i - the amulet of Suobegho (around neck) {Faith rC+ Str+3 Int-4 Dex+7}
   (You found it on level 10 of a ziggurat)

   [amulet of faith]

   It allows you to gain divine favour quickly.
   It affects your strength (+3).
   It affects your intelligence (-4).
   It affects your dexterity (+7).
   It protects you from cold.
 O - a cursed ring of positive energy (right hand)
Magical devices
 e - a wand of heal wounds (0)
Scrolls
 c - 3 scrolls of holy word
 f - 36 scrolls of remove curse
 m - 6 scrolls of fog
 o - 9 scrolls of identify
 y - 5 scrolls of magic mapping
 D - 8 scrolls of immolation
 E - 12 scrolls of recharging
 Q - 10 scrolls of amnesia
 T - a scroll of summoning
Potions
 g - a potion of heal wounds
 k - 13 potions of restore abilities
 r - a potion of resistance
 x - 12 potions of curing
 J - 2 potions of cure mutation
Miscellaneous
 b - an ornate deck of defence {drawn: 3}
 j - an ornate deck of changes {drawn: 7}
 l - a stone of tremors
 I - a phial of floods
 L - a legendary deck of wonders {drawn: 3}
 M - a lamp of fire
 S - a fan of gales
Comestibles
 d - 25 bread rations
 B - 18 royal jellies

Table legend:
 A = Turns spent in this place as a percentage of turns spent in the entire game.
 B = Non-inter-level travel turns spent in this place as a percentage of non-inter-level travel turns spent in the entire game.
 C = Inter-level travel turns spent in this place as a percentage of turns spent in this place.
 D = Turns resting spent in this place as a percentage of non-inter-level travel turns spent in this place.
 E = Turns spent auto-exploring this place as a percentage of non-inter-level travel turns spent in this place.
 F = Non-inter-level travel turns spent in this place divided by the number of levels of this place that you've seen.
                   A       B       C       D       E      F
               +-------+-------+-------+-------+-------+----------------------
         Total | 100.0 | 100.0 |   0.6 |   3.3 |  10.8 | 301.2
       Dungeon |  15.0 |  14.9 |   1.1 |   3.1 |  15.7 | 251.1
        Temple |   0.1 |   0.1 |  12.5 |   0.0 |  92.9 |  14.0
          Lair |  11.3 |  11.2 |   0.9 |   1.0 |  10.8 | 355.0
         Swamp |   5.3 |   5.3 |   0.7 |   1.7 |  14.0 | 265.8
     Snake Pit |   7.5 |   7.5 |   0.8 |   5.9 |  11.2 | 380.0
    Slime Pits |   2.4 |   2.4 |   0.5 |   7.3 |   0.0 | 102.2
  Orcish Mines |   5.6 |   5.6 |   0.9 |   2.0 |  10.5 | 353.8
   Elven Halls |   5.4 |   5.4 |   0.5 |   7.0 |   6.8 | 454.3
        Vaults |  11.4 |  11.5 |   0.4 |   3.8 |  15.6 | 579.4
         Crypt |   6.8 |   6.8 |   0.3 |   1.3 |  11.2 | 576.7
        Depths |  14.8 |  14.9 |   0.5 |   3.8 |   9.7 | 751.6
           Zot |   5.4 |   5.4 |   0.4 |   4.4 |   7.4 | 274.4
         Abyss |   3.2 |   3.2 |   0.0 |   1.5 |   6.1 | 268.0
   Pandemonium |   1.1 |   1.1 |   0.0 |   4.9 |   4.6 | 142.0
      Ziggurat |   2.6 |   2.6 |   0.0 |   3.5 |   0.0 |  59.4
     Labyrinth |   0.5 |   0.5 |   0.0 |   0.0 |   0.0 | 134.0
        Bazaar |   0.5 |   0.5 |   0.0 |   0.0 |   0.0 | 122.0
        Bailey |   1.2 |   1.2 |   0.0 |   0.7 |   2.6 | 304.0
               +-------+-------+-------+-------+-------+----------------------


   Skills:
 + Level 17.3(16.5) Fighting
 - Level 20.1(19.3) Maces & Flails
 + Level 20.2(19.3) Armour
 + Level 15.1(14.3) Dodging
 - Level 15.0(14.2) Shields
 + Level 18.8(18.0) Spellcasting
 - Level 11.5(10.8) Translocations
 + Level 25.7(24.7) Earth Magic
 O Level 27(25.9) Invocations
 - Level 16.7(15.8) Evocations


You had 36 spell levels left.
You knew the following spells:

 Your Spells              Type           Power        Failure   Level  Hunger
a - Apportation           Tloc           #######...   1%          1    None
b - Passage of Golubria   Tloc           N/A          1%          4    None
c - Shatter               Erth           ########..   8%          9    #######
d - Phase Shift           Tloc           #######...   1%          5    None
e - Lee's Rapid Deconstr  Erth           ########..   1%          5    None
f - Repel Missiles        Chrm/Air       #####.       1%          2    None
g - Summon Butterflies    Summ           #####...     1%          1    None


Dungeon Overview and Level Annotations

Branches:
Dungeon (15/15)            Temple (1/1) D:4            Lair (8/8) D:8
  Swamp (5/5) Lair:4        Snake (5/5) Lair:4        Slime (6/6) Lair:7
    Orc (4/4) D:9             Elf (3/3) Orc:4        Vaults (5/5) D:13
  Crypt (3/3) Vaults:3       Tomb (0/3) Crypt:3      Depths (5/5) D:15
    Zot (5/5) Depths:5

Altars:
Ashenzari
Cheibriados
Dithmenos
Elyvilon
Fedhas
Gozag
Kikubaaqudgha
Makhleb
Nemelex Xobeh
Okawaru
Qazlal
Ru
Sif Muna
Trog
Vehumet
Xom
Yredelemnul
Zin
The Shining One
Beogh
Jiyva

Shops:
D:8 (=*   D:15 %   Orc:4 !%[:   Elf:3 *   Snake:5 !   Vaults:2 }   Vaults:4 (:
Depths:2 %

Portals:
Hell: Depths:1 Depths:2 Depths:3 Depths:4 Depths:5
Abyss: Depths:3 Depths:4
Pandemonium: Orc:4 Depths:3 Depths:4


Innate Abilities, Weirdness & Mutations

You are under a permanent stasis effect.
You can dig through walls and to a lower floor.
Your four strong arms can wield two-handed weapons with a shield.
You have a pair of large antennae on your head (SInv).
Your body is slowly deteriorating.
You are dopey. (Int -2)
Your magical capacity is low (-10% MP).


Message History

You block the blue devil's attack.
Unknown command.
Evoke which item? (* to show all) (? for menu, Esc to quit)
Zapping:
e - a wand of heal wounds (2)
Press: ? - help, Shift-Dir - straight line, f - you You feel much better.
This wand has 1 charge left.
Kijiucs casts a spell.
The blue devil is struck by lightning.
The blue devil dies!
The lightning arcs!
Kijiucs is struck by lightning.
The lightning grounds out.
You are struck by lightning.
The lightning arcs!
The sun demon hits you.
You are engulfed in flames.
You resist. You block the storm dragon's attack.
The storm dragon claws you but does no damage.
The storm dragon tramples you.
You hold your ground!
You block the Ice Fiend's attack. The Ice Fiend closely misses you.
Casting: Shatter
Confirm with . or Enter, or press ? or * to list all spells.
The dungeon rumbles!
The sun demon is severely wounded.
The Ice Fiend is severely wounded.
Kijiucs is lightly wounded.
Ka-crash!
Kijiucs mumbles some strange words.
You block the sun demon's attack. The storm dragon closely misses you.
You block the storm dragon's attack. x2
Kijiucs hits you but does no damage. The Ice Fiend completely misses you.
The Ice Fiend claws you but does no damage.
You block the sun demon's attack.
Unknown command.
Unknown command.
Evoke which item? (* to show all) (? for menu, Esc to quit)
Zapping:
e - a wand of heal wounds (1)
Press: ? - help, Shift-Dir - straight line, f - you You feel much better.
This wand has 0 charges left.
You block Kijiucs' attack. You block the storm dragon's attack.
The storm dragon closely misses you. You block the storm dragon's attack.
The Ice Fiend gestures at you. The bolt of cold hits you! You resist.
The sun demon hits you.
You are engulfed in flames.
You resist. Kijiucs hits you!! Kijiucs freezes you.
You block the storm dragon's attack. The storm dragon claws you!
You die...

#.#...).[............,,,,*
#.##.)................,,,*
#.......<..............,,*
#.##.#.................,,*
#,*##......#...........,8*
*,* ##..................,*
*,* ##.................,*
*,* #...##..D..#.....,* *,*
#.....&@3#,*,...,,* *,*
#.#.....21..#,,,,,,*
***'******#..##).......3,,,*
,,,,,,,,{*#.*#.#........,,,*
*********#######....###.##**
*** ,,,,** #.).............#
**,, ...,,**
##.............## **,,,
......** #.......).....#
**,,,, .......*
##...........## *,,,,,


You could see Kijiucs, a storm dragon, an Ice Fiend, a cacodemon, a sun demon
and a neqoxec.

Table legend:
 A = Kills in this place as a percentage of kills in entire the game.
 B = Kills by you in this place as a percentage of kills by you in the entire game.
 C = Kills by friends in this place as a percentage of kills by friends in the entire game.
 D = Other kills in this place as a percentage of other kills in the entire game.
 E = Experience gained in this place as a percentage of experience gained in the entire game.
 F = Experience gained in this place divided by the number of levels of this place that you have seen.
                   A       B       C       D       E      F
               +-------+-------+-------+-------+-------+----------------------
         Total | 100.0 | 100.0 | 100.0 | 100.0 | 100.0 | 25679.1
       Dungeon |  13.8 |  13.9 |   0.0 |  11.4 |   3.2 | 4614.8
          Lair |  11.9 |  12.0 |  40.0 |   0.0 |   3.8 | 10326.9
         Swamp |   5.7 |   5.8 |   0.0 |   0.0 |   3.5 | 15088.8
     Snake Pit |   7.3 |   7.3 |   0.0 |   0.0 |   7.0 | 30373.0
    Slime Pits |   2.5 |   2.5 |  20.0 |   0.0 |   3.7 | 13248.0
  Orcish Mines |   7.4 |   7.5 |   0.0 |   0.0 |   1.3 | 6817.0
   Elven Halls |   4.0 |   4.0 |   0.0 |   0.0 |   4.5 | 32061.3
        Vaults |  13.7 |  13.3 |   0.0 |  54.3 |  16.9 | 72938.2
         Crypt |   5.8 |   5.9 |   0.0 |   0.0 |   7.8 | 56344.3
        Depths |  14.0 |  13.9 |   0.0 |  22.9 |  22.2 | 95894.6
           Zot |   4.8 |   4.8 |  20.0 |   5.7 |  17.5 | 75490.4
         Abyss |   3.4 |   3.4 |   0.0 |   2.9 |   2.6 | 18881.3
   Pandemonium |   1.2 |   1.2 |   0.0 |   0.0 |   1.5 | 16425.5
      Ziggurat |   3.8 |   3.8 |  20.0 |   2.9 |   4.3 | 8418.5
     Labyrinth |   0.0 |   0.0 |   0.0 |   0.0 |   0.0 | 1051.0
        Bailey |   0.7 |   0.7 |   0.0 |   0.0 |   0.1 | 1163.0
               +-------+-------+-------+-------+-------+----------------------

Vanquished Creatures
  the royal jelly (Slime:6)
  Dissolution (Slime:2)
  8 ancient liches
  6 orbs of fire (Zot:5)
  Mara (thrice) (Crypt:3)
  Boris (Vaults:5)
  Sojobo (Crypt:1)
  Margery (Depths:1)
  3 pandemonium lords
  Norris (Snake:4)
  Saint Roka (Vaults:1)
  A caustic shrike (Depths:2)
  3 curse toes
  6 Killer Klowns
  12 golden dragons
  4 bone dragons
  A Brimstone Fiend (Pan)
  3 electric golems (Zot:5)
  Nikola (Snake:1)
  12 tentacled monstrosities
  The ghost of Crauler the Black Belt, a mighty DrTm of Makhleb (Depths:4)
  A Hell Sentinel (Pan)
  21 Orb Guardians (Zot:5)
  Vashnia (Snake:3)
  2 deep elf blademasters
  10 titans
  12 liches
  Asterion (Vaults:1)
  2 deep elf master archers (Elf:3)
  3 tentacled starspawn (Abyss:3)
  14 acid blobs
  A quicksilver dragon (shapeshifter) (Zig:10)
  An Executioner (Elf:1)
  3 quicksilver dragons
  10 tengu reavers
  13 sphinxes
  2 warmongers (Pan)
  Rupert (Lair:6)
  Agnes (Vaults:1)
  2 ancient champions
  4 storm dragons
  5 shadow dragons
  8 azure jellies
  A thorn hunter (Swamp:5)
  4 draconian monks (Zot:1)
  3 revenants
  12 fire giants
  19 frost giants
  Donald (Snake:3)
  A frost giant (shapeshifter) (Zig:10)
  16 vault wardens
  6 iron dragons
  2 draconian scorchers
  10 deep elf sorcerers
  13 greater nagas
  3 draconian knights
  2 orc warlords
  3 draconian zealots
  7 curse skulls
  7 emperor scorpions
  Gastronok (Lair:2)
  A cacodemon (Crypt:3)
  5 draconian annihilators
  Jorgrun (Vaults:1)
  10 ghouls
  10 very ugly things
  3 draconian shifters
  22 ironheart preservers
  27 stone giants
  3 reapers
  A Killer Klown zombie (Crypt:1)
  A stone giant (shapeshifter) (Zig:10)
  A corrupter (Abyss:3)
  A draconian caller (Zot:5)
  8 grey draconians
  4 war gargoyles
  7 deep elf demonologists
  4 white draconians
  7 mottled draconians
  A salamander firebrand (Depths:5)
  5 vampire knights
  6 green draconians
  5 pale draconians
  4 black draconians
  10 red draconians
  5 dire elephants
  11 deep elf annihilators
  4 yellow draconians
  A purple draconian (Zot:1)
  A black sun (Pan)
  A lorocyproca (Abyss:3)
  3 blizzard demons
  4 unborn
  17 ettins
  3 eidola
  Snorg (Orc:3)
  A minotaur (shapeshifter) (Depths:4)
  4 death oozes (Slime:6)
  2 green deaths (Abyss:3)
  23 rakshasas
  4 minotaurs
  15 jiangshi
  14 yaktaur captains
  9 deep elf death magi
  28 fire dragons
  10 deep elf high priests
  2 quicksilver dragon skeletons (Crypt:3)
  10 great orbs of eyes
  Fannar (Lair:7)
  22 ice dragons
  32 vault guards
  Harold (D:11)
  12 spriggan air magi
  3 ghost crabs
  12 naga warriors
  4 death cobs
  23 starcursed masses (Abyss:3)
  4 monstrous demonspawn (Pan)
  Nessos (D:13)
  A catoblepas (Depths:3)
  An anaconda (shapeshifter) (Vaults:5)
  A hell beast (Crypt:2)
  20 large abominations
  19 hydras
  17 ogre magi
  24 anacondas
  An alligator snapping turtle (shapeshifter) (Zig:10)
  9 centaur warriors
  15 dancing weapons (Elf:2)
  8 tengu warriors
  14 deep troll earth magi
  4 death knights
  6 deep troll shamans
  5 vampire magi
  28 death yaks
  8 alligators
  8 shock serpents
  A shock serpent (shapeshifter) (Elf:1)
  15 orc high priests
  20 naga sharpshooters
  3 thrashing horrors (Abyss:3)
  A sun demon (Orc:4)
  7 soul eaters
  3 titan skeletons (Crypt:3)
  10 spriggan berserkers
  The ghost of Chiseanne the Nimble, an experienced DEWr of Gozag (D:9)
  31 hell knights
  6 salamander mystics
  10 spriggans
  7 wretched stars
  6 unseen horrors
  25 deep elf knights
  4 shadow wraiths
  36 skeletal warriors
  A death drake (shapeshifter) (Depths:2)
  2 spatial maelstroms (Abyss:3)
  23 deep trolls
  2 ice devils
  3 iron trolls
  3 shadow demons
  9 deep elf summoners
  A spriggan druid (Swamp:5)
  2 torturous demonspawn (Pan)
  12 naga ritualists
  12 wizards
  4 fire crabs
  An anubis guard (Zig:4)
  A golden dragon skeleton (Vaults:5)
  9 flayed ghosts
  8 swamp dragons
  2 ice statues (Depths:1)
  An anaconda zombie (Crypt:2)
  7 giant orange brains
  22 ironbrand convokers
  9 hill giants
  3 lindwurms
  3 shambling mangroves (Swamp:4)
  4 harpies
  3 putrid demonspawn
  A shadow dragon zombie (Abyss:3)
  12 orc knights
  An infernal demonspawn (Orc:4)
  10 mana vipers
  A hill giant (shapeshifter) (Zot:1)
  A wolf spider zombie (Crypt:1)
  2 anaconda skeletons
  An anubis guard (shapeshifter) (Depths:3)
  9 necromancers
  A harpy (shapeshifter) (Depths:5)
  A cyclops (shapeshifter) (Vaults:2)
  16 deep elf conjurers
  An orb spider (shapeshifter) (Vaults:2)
  A shadow dragon skeleton (Crypt:2)
  2 salamanders (shapeshifter)
  7 shining eyes
  7 griffons
  A water nymph (Zig:1)
  A shining eye (shapeshifter) (Vaults:4)
  A spectral ettin (Crypt:2)
  55 ugly things
  A mana viper (shapeshifter) (Zig:11)
  An oklob plant (Lair:2)
  A fire giant zombie (Crypt:1)
  14 orc sorcerers
  14 phantasmal warriors
  An orb spider (Abyss:3)
  8 hornets
  19 salamanders
  A frost giant zombie (Crypt:1)
  An octopode (shapeshifter) (Vaults:4)
  3 wolf spiders
  4 manticores
  4 rust devils
  A storm dragon simulacrum (Crypt:1)
  5 cyclopes
  A worldbinder (Abyss:3)
  4 fire giant skeletons (Crypt:3)
  11 sixfirhies
  13 guardian serpents
  A deathcap (Zot:1)
  A dire elephant zombie (Crypt:1)
  7 torpor snails
  20 moths of wrath
  32 elephants
  49 black mambas
  An elf zombie (Crypt:1)
  An alligator snapping turtle zombie (Crypt:1)
  6 smoke demons
  A shock serpent skeleton (Crypt:3)
  19 spiny frogs
  21 vault sentinels
  28 naga magi
  An orange crystal statue (Elf:2)
  8 orange demons
  5 gargoyles
  2 apocalypse crabs (Zig:10)
  A spriggan zombie (Zig:4)
  A grey draconian zombie (Zot:2)
  2 eyes of devastation
  A kobold demonologist (Vaults:2)
  3 efreet
  6 komodo dragons
  A tengu conjurer (Depths:1)
  69 yaktaurs
  A fire drake (shapeshifter) (Depths:1)
  A yaktaur (shapeshifter) (Vaults:1)
  2 ancient zymes (Abyss:3)
  A hellion (Depths:2)
  10 wandering mushrooms
  8 fire drakes
  2 queen bees
  13 deep elf priests
  A human skeleton (Vaults:5)
  A hydra zombie (Abyss:3)
  9 trolls
  5 hellwings
  A sea snake skeleton (Crypt:2)
  2 guardian mummies
  A demonic crawler (Elf:1)
  2 blue devils
  11 giant leeches
  A merfolk (Zig:1)
  2 silent spectres
  8 polar bears (Lair:8)
  A jumping spider (Vaults:3)
  19 freezing wraiths
  A polar bear (shapeshifter) (Vaults:5)
  Grinder (D:4)
  A moth of wrath zombie (Crypt:2)
  A harpy skeleton (Crypt:1)
  7 red devils
  A shadow dragon simulacrum (Abyss:3)
  19 two-headed ogres
  15 blink frogs
  18 ravens
  An ushabti (Crypt:3)
  83 slime creatures
  2 trolls (shapeshifter)
  7 baby alligators
  12 raiju
  A tarantella zombie (Crypt:1)
  5 boulder beetles
  A raiju (shapeshifter) (Vaults:1)
  2 ettin zombies
  11 bog bodies
  A centaur simulacrum (D:15)
  3 trapdoor spiders
  A snapping turtle (shapeshifter) (Depths:2)
  A trapdoor spider (shapeshifter) (Depths:5)
  2 hornet zombies
  48 yaks
  2 ettin skeletons (Crypt:3)
  13 fire dragon skeletons (Crypt:3)
  2 ice dragon skeletons (Crypt:3)
  A stone giant simulacrum (Vaults:3)
  2 tarantellas
  6 shadows
  18 flying skulls
  A yak (shapeshifter) (Vaults:2)
  8 ynoxinuls
  2 air elementals (Depths:2)
  4 wyverns
  6 basilisks
  9 redbacks
  5 water elementals (D:14)
  A yaktaur simulacrum (Vaults:1)
  A black mamba skeleton (Crypt:3)
  4 vampires
  50 vampire mosquitoes
  11 wraiths
  Eustachio (Orc:1)
  A tarantella (shapeshifter) (Vaults:1)
  41 deep elf fighters
  Grum (Orc:1)
  19 wargs
  30 deep elf magi
  A hippogriff (shapeshifter) (Vaults:1)
  4 hungry ghosts
  A fire elemental (Swamp:5)
  2 steam dragons
  6 chaos spawn
  9 hippogriffs
  2 mottled dragons
  2 harpy simulacra (Depths:1)
  2 golden eyes (Slime:5)
  5 neqoxecs
  Edmund (D:6)
  66 nagas
  29 swamp worms
  12 insubstantial wisps (Swamp:4)
  5 human zombies
  41 wolves
  A soldier ant (shapeshifter) (Vaults:4)
  8 swamp drakes
  A black bear (shapeshifter) (Vaults:2)
  3 black mamba simulacra (Depths:1)
  18 porcupines
  12 black bears (Lair:8)
  4 phantoms
  32 water moccasins
  2 necrophages (Crypt:2)
  A spiny frog skeleton (Crypt:3)
  A spider (shapeshifter) (Vaults:4)
  6 ice beasts
  10 hell hounds
  14 wasps
  9 boggarts
  A fire dragon simulacrum (Depths:1)
  52 ogres
  4 sky beasts
  54 orc warriors
  A boggart (shapeshifter) (D:15)
  6 eyes of draining
  A boring beetle (shapeshifter) (Vaults:2)
  17 centaurs
  A crocodile (shapeshifter) (Depths:4)
  2 boring beetles
  22 giant frogs
  17 crocodiles
  A blink frog skeleton (Crypt:1)
  A fire drake skeleton (Crypt:2)
  A deep troll simulacrum (Vaults:2)
  Blork the orc (D:4)
  5 brain worms
  11 big kobolds
  A wyvern zombie (D:11)
  A komodo dragon skeleton (Crypt:1)
  6 scorpions
  2 wyvern skeletons
  A queen bee zombie (Crypt:2)
  A snapping turtle simulacrum (Crypt:1)
  A water moccasin skeleton (D:8)
  A swamp dragon simulacrum (Crypt:1)
  24 killer bees
  A lava snake (Swamp:5)
  7 wights
  A human simulacrum (Vaults:1)
  10 small abominations
  A spectral centaur (Crypt:2)
  A quasit (D:10)
  A boring beetle zombie (Crypt:1)
  3 centaur zombies
  11 crimson imps
  4 electric eels
  A giant frog skeleton (D:6)
  38 orc priests
  A black bear zombie (Crypt:2)
  27 jellies
  A two-headed ogre zombie (Crypt:2)
  9 hell rats
  26 hounds
  4 centaur skeletons
  A basilisk skeleton (Crypt:2)
  7 iguanas
  5 iron imps
  28 orc wizards
  12 worker ants
  25 sheep
  A troll simulacrum (Depths:1)
  A big kobold zombie (Crypt:2)
  A hound skeleton (D:10)
  Terence (D:2)
  12 mummies
  A worker ant zombie (D:11)
  12 gnolls
  54 river rats
  30 adders
  A naga simulacrum (Depths:1)
  5 shadow imps
  16 white imps
  20 worms
  12 ufetubi
  2 adder zombies (D:8)
  9 giant geckos
  3 oozes
  189 orcs
  3 ball pythons
  14 bats
  A bat zombie (D:6)
  20 hobgoblins
  17 jackals
  41 kobolds
  13 quokkas
  3 giant cockroaches
  8 giant newts
  A giant spore (D:10)
  38 goblins
  24 rats
  14 ballistomycetes
  A briar patch (Swamp:5)
  2 crawling corpses (Vaults:5)
  2 fungi
  3 plants
  3 starspawn tentacles (Abyss:3)
  A starspawn tentacle segment (Abyss:3)
3719 creatures vanquished.

Vanquished Creatures (collateral kills)
  An orb of fire (Zot:5)
  A death ooze (Slime:6)
  An anaconda (Zig:9)
  A shining eye (Slime:1)
  2 river rats (Lair:8)
6 creatures vanquished.

Vanquished Creatures (others)
  A deep elf master archer (Zig:7)
  An eldritch tentacle (Depths:3)
  A tentacled starspawn (Abyss:3)
  2 fire giants
  A reaper (Zot:5)
  2 stone giants
  A black draconian (Zot:5)
  5 yaktaur captains
  2 centaur warriors
  2 cyclopes
  21 yaktaurs
  A blue devil (Zot:5)
  A two-headed ogre (Vaults:5)
  4 fire elementals
  2 slime creatures (Zig:6)
  A wraith (Crypt:1)
  2 earth elementals (Slime:6)
  A deep elf fighter (Zig:7)
  A water moccasin (Zig:6)
  A naga (Snake:4)
  2 swamp drakes
  An ogre (Depths:2)
  9 lost souls
  2 centaurs
  A giant frog (Zig:6)
  An orc priest (Elf:3)
  An iguana (D:14)
  An orc (Orc:2)
  3 giant spores (D:13)
  A goblin (Orc:2)
  56 eldritch tentacle segments (Depths:3)
  6 fungi
  22 plants
  7 starspawn tentacles (Abyss:3)
  24 starspawn tentacle segments (Abyss:3)
190 creatures vanquished.

Grand Total: 3915 creatures vanquished

Action                   |  1- 3 |  4- 6 |  7- 9 | 10-12 | 13-15 | 16-18 | 19-21 | 22-24 | 25-27 || total
-------------------------+-------+-------+-------+-------+-------+-------+-------+-------+-------++-------
Melee: Flail             |    64 |   164 |   237 |       |       |       |       |       |       ||   465
       Dire flail        |       |       |     6 |   549 |   944 |   169 |       |       |       ||  1668
       Shillelagh        |       |       |       |       |    46 |       |       |       |       ||    46
       Morningstar       |       |       |       |       |       |   487 |   909 |   107 |  1394 ||  2897
       Great mace        |       |       |       |       |       |       |       |  1003 |  1373 ||  2376
Throw: Javelin           |     6 |       |    10 |    13 |       |       |       |       |       ||    29
 Cast: Passage of Golubr |       |       |       |       |       |     4 |     3 |     4 |       ||    11
       Apportation       |       |       |       |       |       |       |       |     2 |     7 ||     9
       Phase Shift       |       |       |       |       |       |       |       |     9 |    12 ||    21
       Lee's Rapid Decon |       |       |       |       |       |       |       |       |    11 ||    11
       Shatter           |       |       |       |       |       |       |       |       |    59 ||    59
       Repel Missiles    |       |       |       |       |       |       |       |       |     5 ||     5
Invok: Bend Time         |       |       |     1 |     4 |     2 |       |       |       |       ||     7
       Slouch            |       |       |       |     3 |    14 |    17 |    21 |    19 |    52 ||   126
       Step From Time    |       |       |       |       |       |     1 |     3 |       |       ||     4
 Abil: Dig               |       |       |       |     3 |     5 |    23 |    14 |     8 |    15 ||    68
       Evoke Flight      |       |       |       |     1 |       |       |       |     2 |     1 ||     4
       Shaft Self        |       |       |       |       |       |       |       |       |     1 ||     1
Evoke: Rod               |       |       |       |       |     2 |    25 |       |       |       ||    27
       Wand              |       |       |       |       |     1 |       |     1 |       |    10 ||    12
       Lamp of fire      |       |       |       |       |       |       |       |     2 |     3 ||     5
       Phial of floods   |       |       |       |       |       |       |       |     1 |     1 ||     2
       Deck              |       |       |       |       |       |       |       |     1 |    17 ||    18
       Stone of tremors  |       |       |       |       |       |       |       |     1 |     1 ||     2
  Use: Potion            |     1 |     2 |     3 |     3 |    12 |     2 |     4 |    10 |    50 ||    87
       Scroll            |       |    14 |     8 |     5 |     8 |     4 |     9 |    13 |    51 ||   112
 Stab: Distracted        |       |       |       |       |     1 |       |     2 |       |     1 ||     4
       Sleeping          |       |       |       |       |     1 |       |       |       |       ||     1
  Eat: Chunk             |       |     6 |     8 |    18 |    24 |    23 |    25 |    16 |    33 ||   153
       Meat ration       |       |     1 |       |       |       |       |       |       |       ||     1
       Fruit             |       |       |       |     3 |       |     4 |       |     9 |       ||    16
       Pizza             |       |       |       |       |       |       |       |     5 |     4 ||     9
       Bread ration      |       |       |       |       |       |       |       |       |    10 ||    10
       Royal jelly       |       |       |       |       |       |       |       |       |     4 ||     4
       Beef jerky        |       |       |       |       |       |       |       |       |     1 ||     1

Vault maps used:
D:1:      minmay_arrival_nine_rooms
D:2:      evilmike_ruin_ashenzari, uniq_terence
D:4:      grunt_temple_overflow_forces_of_nature, temple_green, first_bread,
          trog_eyes_of_draining, uniq_blork_the_orc, uniq_grinder
D:6:      gammafunk_temple_overflow_claw, uniq_edmund
D:8:      kennysheep_mini_moat, grunt_lair_entry_elf_guard_hut, serial_shops,
          nicolae_shop_trees, shop, shop, kennysheep_generic_room_13
D:9:      nicolae_overflow_crystal_walls, nicolae_dithmenos_shadow_blocks,
          minmay_orc_entry_guard_dogs, grunt_ogre_cave
D:11:     special_room, uniq_harold
D:12:     minmay_misc_feat_cross
D:13:     lightli_vaults_fourway_checkpoint, fungi_pond_lemuel, uniq_nessos
D:14:     kennysheep_big_flooded_room, nicolae_qazlal_style_of_elements
D:15:     grunt_enter_depths_magical_seal, serial_shops, shop,
          roderic_roman_lattice
Temple:   roderic_octagonal_lattice_temple
Lair:1:   kennysheep_rathole, basic_altar
Lair:2:   mu_elephants_graveyard, minmay_holes, minmay_lair_oklob_bushes,
          uniq_gastronok
Lair:4:   wad_woods_minihive, minmay_swamp_entry_reptiles,
          minmay_snake_entry_spellcaster, basic_altar, serial_bayou_shore_a,
          bh_autumn_forest_stairs
Lair:6:   uniq_rupert
Lair:7:   minmay_slime_entry_pillars, basic_altar, uniq_fannar
Lair:8:   hangedman_lair_caniforms_friends, wormcave, minivault_25,
          grunt_forest_stairs_basic, nicolae_quartered_pool_medium
Swamp:1:  evilmike_swamp_ruin_house_1
Swamp:2:  nicolae_swamp_trees_clearing, infiniplex_staircase_pool
Swamp:3:  evilmike_swamp_ruin_wall, hangedman_swamp_pad, swamp_pool3
Swamp:4:  evilmike_swamp_ruin_house_2, swamp_pool3
Swamp:5:  swamp_fiery
Snake:1:  lemuel_fruit_tree, uniq_nikola
Snake:2:  spider_trap, statue_in_the_mist_lemuel, abandoned_shop,
          grunt_megastairs_4, serial_bayou_shore_b, serial_bayou_shore_b
Snake:3:  uniq_donald, uniq_vashnia
Snake:4:  uniq_norris
Snake:5:  grunt_snake_rune_serpentine_throne, serial_shops, shop
Slime:2:  uniq_dissolution
Slime:5:  nicolae_slime_round_cave
Orc:1:    enter_bailey_3, uniq_grum, uniq_eustachio
Orc:3:    basic_altar, nicolae_orc_pool_cavern, uniq_snorg
Orc:4:    pf_orc_diabolical, lab_entry_generic, portal_ice_cave_entry_imps,
          minmay_orc_keep
Elf:1:    eino_elf_arrival_the_gate, evilmike_minifort, minivault_23
Elf:2:    grunt_ministairs_8, minivault_16
Elf:3:    minmay_elf_hall_spiked, serial_shops, shop
Vaults:1: vaults_room_ringed_pool, v_misc_9, nicolae_vaults_little_squares_6,
          nicolae_vaults_mini_display_case, nicolae_vaults_disjoint_gnomons,
          v_misc_9, vaults_mumra_minichess, hangedman_vaults_locks,
          uniq_asterion, uniq_jorgrun, uniq_saint_roka, uniq_agnes
Vaults:2: ontoclasm_vaults_fault, nicolae_vaults_border_crossing,
          nicolae_vaults_rhombus_6, vaults_mumra_chevron, v_misc_4,
          nicolae_vaults_big_ls, ontoclasm_vaults_spin,
          nicolae_vaults_minivaults, vaults_mumra_minichess_inversion,
          nicolae_vaults_gold_heap, hangedman_vaults_snaps, serial_shops,
          nicolae_shop_waterfront
Vaults:3: ontoclasm_vaults_tryst, hangedman_vaults_stretched_pinwheel,
          nicolae_vaults_theta, v_misc_26, nicolae_vaults_yaktaur_gun_rack,
          blue_anna_dwarven_crypt, vaults_room_pools,
          ontoclasm_vaults_loading_screen, vaults_dpeg_diagonal
Vaults:4: v_misc_13, nicolae_vaults_quadrants, vaults_dpeg_encased_lava,
          nicolae_vaults_little_squares_1, vaults_mumra_hex, v_misc_24,
          grunt_vaults_hallway_long, v_misc_5, hangedman_vaults_restitches,
          vaults_room_hallway, vaults_room_fours, grunt_vaults_twisty,
          grunt_vaults_funnel, serial_shops, freezing_bzr, shop,
          nicolae_shop_trees
Vaults:5: serial_shops, uniq_boris
Crypt:1:  crypt_curse_skull_rare, minmay_misc_feat_hallway,
          wad_floor_pattern_untrapped, st_shrine_of_skulls, uniq_sojobo
Crypt:2:  lemuel_hellish_altar, grunt_megastairs_3
Crypt:3:  quadcrypt_mu, uniq_mara, uniq_margery
Depths:1: minmay_swirls_squares, serial_glass, glass_columns_a, glass_columns_b,
          grunt_metal_band, hangedman_decor_riveting,
          mumra_transporter_accident, hangedman_research_thermodynamics
Depths:2: minmay_two_paths, serial_shops, nicolae_shop_stone, hellmouth_1
Depths:3: hangedman_box_tower, enter_ziggurat_d, hell_entry,
          minmay_misc_feat_plants, minmay_room_of_horrors, pan_entry,
          minmay_hidden_floor
Depths:4: minmay_smoke_and_mirrors, corexii_leaking_fountain,
          grunt_hell_entry_dis_grunt, rand_demon_pan_entry_1, abyss_entry,
          kennysheep_nub
Depths:5: grunt_zot_entry_alcove, serial_sigils_hangedman_confine, hell_entry,
          serial_bayou_crossing
Zot:1:    hangedman_zot_vaults_quadrants
Zot:3:    grunt_deathspiral_small
Zot:4:    minmay_elemental_castle, st_stairs_8
Abyss:3:  serial_sigils_hangedman_gut, minivault_24, evilmike_abyss_rune_curve
Pan:      grunt_pan_spiral, rand_demon_8
Zig:9:    ziggurat_pillar_centre_c
Lab:      labyrinth_hidden_loot, nicolae_lab_grate, lab_hedge,
          nicolae_lab_grate_2
Bazaar:   bazaar_kb_twisted_cavern
Bailey:   bailey_axe_4, bailey
